 Dungeon Crawl Stone Soup version 0.21.1-1-g345015fe64 (webtiles) character file.

125 Peloso the Skirmisher (level 4, -2/35 HPs)
             Began as a Demonspawn Fighter on May 13, 2018.
             Slain by an orc
             ... wielding a +0 hand axe
              (3 damage)
             ... on level 2 of the Dungeon.
             The game lasted 00:04:58 (2183 turns).

Peloso the Skirmisher (Demonspawn Fighter)          Turns: 2183, Time: 00:04:58

Health: -2/35      AC:  6    Str: 18    XL:     4   Next: 82%
Magic:  4/4        EV:  7    Int:  9    God:
Gold:   38         SH: 15    Dex: 12    Spells: 3/3 levels left

rFire    . . .     SeeInvis .   a - +0 long sword
rCold    . . .     Gourm    .   c - +0 shield
rNeg     . . .     Faith    .   b - +0 scale mail
rPois    .         Spirit   .   (no helmet)
rElec    .         Reflect  .   (no cloak)
rCorr    .         Harm     .   (no gloves)
MR       .....                  (no boots)
Stlth    ..........             (no amulet)
HPRegen  0.11/turn              (no ring)
MPRegen  0.09/turn              (no ring)

@: no status effects
A: claws 1, large bone plates 2
a: no special abilities


You were on level 2 of the Dungeon.
You were hungry.

You visited 1 branch of the dungeon, and saw 3 of its levels.

You collected 38 gold pieces.

Inventory:

Hand Weapons
 a - a +0 long sword (weapon)
Missiles
 r - 26 bolts
Armour
 b - a +0 scale mail (worn)
 c - a +0 shield (worn)
Scrolls
 h - 3 scrolls of teleportation {unknown}
 j - 3 scrolls of identify {unknown}
 k - a scroll of random uselessness {unknown}
 n - a scroll of amnesia {unknown}
 o - a scroll of fog {unknown}
 p - a scroll of remove curse {unknown}
Potions
 d - a potion of might
 e - a potion of invisibility {unknown}
 g - a potion of agility {unknown}
 i - a potion of brilliance {unknown}
 l - a potion of curing {unknown}
 m - 4 potions of haste {unknown}
 q - a potion of heal wounds {unknown}
Comestibles
 f - 3 rations


   Skills:
 + Level 3.5 Fighting
 + Level 3.0 Long Blades
 + Level 3.4 Armour
 + Level 0.2 Dodging
 + Level 0.1 Stealth
 + Level 3.3 Shields


You had 3 spell levels left.
You didn't know any spells.

Dungeon Overview and Level Annotations

Branches:
Dungeon (3/15)

Altars:
Vehumet


Innate Abilities, Weirdness & Mutations

You have sharp fingernails.
You are mostly covered in large bone plates. (SH +6)


Message History

* * * LOW HITPOINT WARNING * * *
The orc priest completely misses you.
Your shield and scale mail prevent you from hitting the orc priest.
The orc priest is almost dead.
You block the orc's attack. You block the orc priest's attack.
You block the orc's attack.
You hit the orc priest but do no damage.
The orc priest is almost dead.
The orc priest hits you but does no damage.
You block the orc's attack.
You barely miss the orc priest.
The orc priest is almost dead.
You block the orc priest's attack. The orc barely misses you.
You riposte.
You hit the orc.
The orc is almost dead.
The orc priest looks braver for a moment.
You hit the orc priest but do no damage.
The orc priest is almost dead.
The orc hits you with a hand axe.
You die...

#.# #..#.#######..##.# #......
#.## #..#.# #..##.# #.###..
#..###..#.# #...#.# #.# #.#
###.#.......# #.#...###.# #.#
.....####.#.# #...#...#.# #.#
..........#.# #.......#.###.#
###.#####.#.#######.##...........
# #.# #......o....##.###.####.# #
#.# #.......@o.###.# #.# #.# #
#.#####..#.####### #.# #.# #.# #
#....รทรท..#.#### #.# #.# #.. #
#..####.##....# #.###.# ###
###..# #.#####.# #.....# # .....#
#.# #.# #####.# # .###.####.# #.#
#.# # ..........# #.# #.# #
.....###### #.# #.# #


You could see an orc priest and an orc.

Vanquished Creatures
  Jessica (D:2)
  3 adders (D:2)
  4 worms (D:2)
  A dart slug (D:2)
  5 leopard geckos
  2 ball pythons (D:2)
  2 giant cockroaches
  5 hobgoblins
  4 jackals (D:2)
  A quokka (D:2)
  4 bats
  3 frilled lizards
  5 goblins
  4 kobolds
  13 rats
57 creatures vanquished.

Notes
Turn   | Place    | Note
-------+----------+-------------------------------------------
     0 | D:1      | Peloso the Demonspawn Fighter began the quest for the Orb.
     0 | D:1      | Reached XP level 1. HP: 18/18 MP: 1/1
   180 | D:1      | Gained mutation: You are partially covered in large bone plates. (SH +4) [demonic ancestry]
   180 | D:1      | Reached XP level 2. HP: 11/24 MP: 2/2
   917 | D:2      | Gained mutation: You are mostly covered in large bone plates. (SH +6) [demonic ancestry]
   917 | D:2      | Reached XP level 3. HP: 26/29 MP: 3/3
   952 | D:2      | Found a radiant altar of Vehumet.
  1254 | D:2      | Noticed Jessica
  1258 | D:2      | Killed Jessica
  1258 | D:2      | Gained mutation: You have sharp fingernails. [demonic ancestry]
  1258 | D:2      | Reached XP level 4. HP: 32/35 MP: 4/4
  2179 | D:2      | HP: 1/35 [orc/hand axe (5)]
  2183 | D:2      | Slain by an orc

Skill      XL: |  1  2  3  4 |
---------------+-------------+-----
Armour         | 3 |  3.4
Shields        | 3 |  3.3
Long Blades    | 2 3 |  3.0
Fighting       | |  3.5
Dodging        | |  0.2
Stealth        | |  0.1

Action                   |  1- 3 |  4- 6 || total
-------------------------+-------+-------++-------
Melee: Long sword        |   156 |    96 ||   252
  Eat: Chunk             |     1 |     3 ||     4
Armor: Scale mail        |    80 |    29 ||   109
Dodge: Dodged            |    39 |    18 ||    57
Block: Shield            |   153 |    79 ||   232
       Rpst.: Long sword |     8 |     6 ||    14
